 Dungeon Crawl Stone Soup version 0.18-a0-1577-gf591c28 (webtiles) character file.

598 4thArraOfDagon the Chopper (level 7, -5/54 HPs)
             Began as a Naga Wanderer on Mar 17, 2016.
             Was a Believer of Kikubaaqudgha.
             Killed by divine providence
             ... invoked by an orc priest
              (11 damage)
             ... on level 7 of the Dungeon.
             The game lasted 00:09:18 (2097 turns).

4thArraOfDagon the Chopper (Naga Wanderer)          Turns: 2097, Time: 00:09:19

Health: -5/54      AC:  9    Str: 15    XL:     7   Next: 40%
Magic:  17/17      EV:  7    Int: 15    God:    Kikubaaqudgha [**....]
Gold:   235        SH:  0    Dex: 11    Spells: 0 memorised, 8 levels left

rFire  . . .     SeeInvis +     q - +0 war axe
rCold  . . .     Gourm    .     a - +2 scale mail
rNeg   . . .     Faith    .     (no shield)
rPois  +         Spirit   .     (no helmet)
rElec  .         Dismiss  .     (no cloak)
rCorr  .         Reflect  .     l - +1 pair of gloves
SustAt .         Harm     .     (no barding)
MR     .....                    (no amulet)
Stlth  ..........               (no ring)
                                p - ring of magical power

@: very slow, not resistant to hostile enchantments, extremely unstealthy
A: see invisible, agile 1, deformed body, frail 1, poison resistance, screaming
1, slowness 2, slow metabolism 1, spit poison 2, AC +2
a: Spit Poison, Receive Corpses, Renounce Religion


You were on level 7 of the Dungeon.
You worshipped Kikubaaqudgha.
Kikubaaqudgha was pleased with you.
You were not hungry.

You visited 1 branch of the dungeon, and saw 8 of its levels.

You collected 235 gold pieces.

Inventory:

Hand Weapons
 q - a +0 war axe (weapon)
Missiles
 m - 7 javelins (quivered)
Armour
 a - a +2 scale mail (worn)
 l - a +1 pair of gloves (worn)
Jewellery
 p - a ring of magical power (left hand)
 s - an uncursed ring of fire
 v - an uncursed ring of fire
Wands
 b - a wand of flame (13/48)
 j - a wand of polymorph (11/24)
 t - a wand of flame (11/48)
Scrolls
 e - a scroll of remove curse
 h - 3 scrolls of enchant weapon
 k - a scroll of noise {unknown}
 o - 2 scrolls of amnesia {unknown}
 r - a scroll of random uselessness {unknown}
 w - a scroll of magic mapping {unknown}
Potions
 n - a potion of invisibility
 u - a potion of lignification {unknown}
Comestibles
 c - 7 chunks of flesh
 d - 3 bread rations
 f - a fruit
 g - 3 beef jerkies
 i - a meat ration


   Skills:
 - Level 2.0 Fighting
 + Level 7.6(7.8) Axes
   Level 2.0(5.2) Maces & Flails
 - Level 1.0 Armour
 - Level 1.5 Stealth
   Level 1.0 Shields
 - Level 1.0 Spellcasting
   Level 2.0 Earth Magic


You had 8 spell levels left.
You didn't know any spells.

Dungeon Overview and Level Annotations

Branches:
Dungeon (8/15)
 Temple: D:4-7         Lair: D:8-11

Altars:
Kikubaaqudgha
Ru
The Shining One

Shops:
D:4 ?

Annotations:
D:3 HandofTrog's ghost, amateur DsWn
D:5 Duvessa


Innate Abilities, Weirdness & Mutations

You cannot wear boots.
Your serpentine skin is tough (AC +2).
You have supernaturally acute eyesight.
Armour fits poorly on your strangely shaped body.
Your system is resistant to poisons.
You cover ground very slowly.
You have a slow metabolism.
You can spit poison.
You are agile. (Dex +2)
You are frail (-10% HP).
You occasionally shout uncontrollably at your foes.


Message History

* * * LOW HITPOINT WARNING * * *
Unknown command.
You closely miss the orc priest.
The orc priest is almost dead.
You hit the orc wizard.
You kill the orc wizard!
Kikubaaqudgha accepts your kill.
The orc priest hits you but does no damage.
Unknown command.
Unknown command.
You closely miss the orc priest.
The orc priest is almost dead.
The orc priest casts a cantrip, but nothing happens.
Unknown command.
You hit the orc priest but do no damage.
The orc priest is almost dead.
The orc priest invokes the aid of Beogh against you.
Beogh smites you!
You die...
Kikubaaqudgha rasps: "You have failed me!
Welcome... death!"

###...##..... . .#
##..##.#### .## .#
####...#.######..##.#
..............##....#######
.#####.#.####...........#..
..[#.# #.............
##..#.####............#
####........)).....#
##..##..>@o....[#
#..##..........#
###########.#### #.# #.8.#
.o....# .o..o...# #o#.#.8##
# #.#_#


You could see an orc priest.

Vanquished Creatures
  Grinder (D:4)
  An ogre (D:7)
  A crimson imp (D:5)
  A hound (D:7)
  An orc wizard (D:7)
  A giant frog zombie (D:7)
  An iguana (D:4)
  2 worker ants
  A worker ant zombie (D:5)
  3 adders
  A white imp (D:5)
  An adder skeleton (D:7)
  A worm (D:2)
  2 dart slugs (D:1)
  3 giant geckos
  5 orcs
  4 giant cockroaches
  6 goblins
  4 hobgoblins
  A quokka (D:7)
  A ball python (D:5)
  2 bats
  2 giant newts (D:1)
  A goblin skeleton (D:5)
  3 goblin zombies (D:5)
  5 kobolds
  A kobold zombie (D:5)
  An orc skeleton (D:5)
  2 orc zombies (D:5)
  3 rats
62 creatures vanquished.

Vanquished Creatures (others)
  An orc wizard (D:7)
1 creature vanquished.

Grand Total: 63 creatures vanquished

Notes
Turn   | Place    | Note
--------------------------------------------------------------
     0 | D:1      | 4thArraOfDagon the Naga Wanderer began the quest for the Orb.
     0 | D:1      | 4thArraOfDagon set off with: a +2 scale mail, a +0 hand axe, the Incunabulum of Combat Magic, a bread ration
     0 | D:1      | Reached XP level 1. HP: 19/19 MP: 2/2
     0 | D:1      | Identified the Incunabulum of Combat Magic
     0 | D:1      | can we win it at last...
    88 | D:2      | Reached skill level 1 in Axes
   178 | D:2      | Reached XP level 2. HP: 20/26 MP: 3/3
   339 | D:3      | Noticed HandofTrog's ghost (amateur DsWn)
   388 | D:3      | Found a faded altar to an unknown god.
   395 | D:3      | Became a worshipper of Kikubaaqudgha
   395 | D:3      | Reached * piety under Kikubaaqudgha
   395 | D:3      | Received a gift from Kikubaaqudgha
   399 | D:3      | Identified Kikubaaqudgha's Collected Works on Necromancy (Kikubaaqudgha gifted it to you on level 3 of the Dungeon)
   452 | D:3      | Reached skill level 2 in Axes
   679 | D:3      | Found a sacrificial altar of Ru.
   699 | D:3      | Reached skill level 3 in Axes
   699 | D:3      | Reached XP level 3. HP: 9/32 MP: 4/4
   766 | D:4      | Found Ceonkaco's Magic Scroll Shoppe.
   786 | D:4      | Noticed Grinder
   791 | D:4      | Paralysed by Grinder for 2 turns
   813 | D:4      | Killed Grinder
   813 | D:4      | Reached skill level 5 in Axes
   813 | D:4      | Reached XP level 4. HP: 12/39 MP: 5/5
   813 | D:4      | Reached XP level 5. HP: 13/45 MP: 6/6
   813 | D:4      | Reached XP level 6. HP: 15/52 MP: 7/7
   823 | D:4      | magipi: hello
   851 | D:4      | 4thArraOfDagon: hi!
   901 | D:5      | Entered Level 5 of the Dungeon
  1031 | D:5      | Reached skill level 6 in Axes
  1057 | D:5      | Noticed Duvessa
  1803 | D:5      | Found a glowing golden altar of the Shining One.
  1995 | D:7      | Reached ** piety under Kikubaaqudgha
  2005 | D:7      | Reached XP level 7. HP: 56/60 MP: 8/8
  2019 | D:7      | Reached skill level 7 in Axes
  2040 | D:7      | Gained mutation: You occasionally shout uncontrollably at your foes. [potion of mutation]
  2040 | D:7      | Gained mutation: You are frail (-10% HP). [potion of mutation]
  2040 | D:7      | Gained mutation: You are agile. (Dex +2) [potion of mutation]
  2063 | D:7      | Found an ancient bone altar of Kikubaaqudgha.
  2097 | D:7      | Killed from afar by an orc priest

Vault maps used:
D:1:      minmay_arrival_stone_box
D:3:      lemuel_doored_altar, first_bread, ecumenical_altar_2, st_stairs_7
D:4:      serial_shops, kennysheep_little_box, uniq_grinder
D:5:      lemuel_ice_spiral_2, grunt_temple_overflow_lords_of_destruction,
          serial_glass, glass_columns_b, glass_columns_b,
          nicolae_tso_besieged_by_evil, uniq_duvessa
D:6:      minmay_temple_entry_junction, dk_vineyard_1
D:7:      kennysheep_mini_moat, minitemple, grunt_ogre_cave, minivault_26
D:8:      serial_gnoll_camp, gnoll_camp_mini_hut, gnoll_camp_huts_basic,
          gnoll_camp_mini_house, gnoll_camp_mini_loothouse

Skill      XL: |  1  2  3  4  5  6  7 |
---------------+----------------------+-----
Axes           | 1 3 5 6 7 |  7.6
Fighting       | |  2.0
Maces & Flails | |  2.0
Armour         | |  1.0
Stealth        | |  1.5
Shields        | |  1.0
Spellcasting   | |  1.0
Earth Magic    | |  2.0

Action                   |  1- 3 |  4- 6 |  7- 9 || total
-------------------------+-------+-------+-------++-------
Melee: Hand axe          |    28 |       |       ||    28
       War axe           |    16 |   160 |    32 ||   208
       Unarmed           |    11 |       |       ||    11
 Abil: Spit Poison       |    12 |     9 |     3 ||    24
Evoke: Wand              |     1 |       |       ||     1
  Use: Potion            |     2 |       |     1 ||     3
       Scroll            |     3 |       |     1 ||     4
 Stab: Invisible         |     1 |       |       ||     1
       Confused          |     3 |       |       ||     3
  Eat: Chunk             |       |     4 |     1 ||     5
